 Dungeon Crawl Stone Soup version 0.29-a0-100-g60f898f876 (webtiles) character file.

Game seed: 3767014570037572643

20318 dracfodder the Basher (level 12, -8/77 HPs)
             Began as a Gargoyle Berserker on Feb 14, 2022.
             Was a High Priest of Trog.
             Mangled by a frost giant (21 damage)
             ... in an ice cave.
             The game lasted 00:37:56 (13451 turns).

dracfodder the Basher (Gargoyle Berserker)         Turns: 13451, Time: 00:37:56

Health: -8/77      AC: 20    Str: 26    XL:     12   Next: 78%
Magic:  12/12      EV: 19    Int:  8    God:    Trog [*****.]
Gold:   826        SH:  0    Dex:  9    Spells: 11/11 levels left

rFire   x . .      SeeInvis .   S - +6 great mace "Mutiys" {vorpal, rF- rC+ Will+}
rCold   + . .      Faith    .   (shield currently unavailable)
rNeg    + . .      Spirit   .   K - +0 steam dragon scales
rPois   ∞          Reflect  .   G - +0 helmet
rElec   +          Harm     .   o - +1 cloak of Starlight {*Dazzle EV+4 Stlth--}
rCorr   .          Rampage  .   (no gloves)
Will    +....                   D - +0 pair of boots
Stlth   +.........              (no amulet)
HPRegen 0.22/turn               (no ring)
MPRegen 0.13/turn               (no ring)

@: mighty, invisible
A: sickness immunity, AC +8, negative energy resistance 1, electricity
resistance, torment resistance 1, petrification resistance
a: Renounce Religion, Berserk, Trog's Hand, Brothers in Arms


You were in an ice cave.
You worshipped Trog.
Trog was extremely pleased with you.
You visited 3 branches of the dungeon, and saw 15 of its levels.
You also visited: Ice Cave.

You collected 826 gold pieces.

Inventory:

Hand Weapons
 a - a +5 flail of freezing
 x - a +2 war axe of venom
 F - a +5 dire flail of venom
 S - the +6 great mace "Mutiys" (weapon) {vorpal, rF- rC+ Will+}
   (Trog gifted it to you in an ice cave)

   It inflicts extra damage upon your enemies.
   rF:        It makes you vulnerable to fire.
   rC:        It protects you from cold.
   Will:      It increases your willpower.
Missiles
 f - 83 bolts
 g - 451 stones (quivered)
 k - 310 arrows
 l - 15 poisoned darts
 s - 137 sling bullets
 y - 7 boomerangs
 I - 3 curare-tipped darts
Armour
 b - +0 swamp dragon scales
 o - the +1 cloak of Starlight (worn) {*Dazzle EV+4 Stlth--}
   (You found it on level 3 of the Dungeon)

   It may blind those who miss an attack against the wearer in melee combat.
   EV:        It affects your evasion (+4).
   Stlth:     It makes you much less stealthy.
 D - a +0 pair of boots (worn)
 G - a +0 helmet (worn)
 K - +0 steam dragon scales (worn)
 R - a +0 kite shield of cold resistance
Jewellery
 d - a +4 ring of evasion
 u - an amulet of reflection
 w - an amulet of magic regeneration
 J - a ring of protection from cold
 O - the ring of the Kangaroo {rElec EV+4}
   (You found it on level 1 of the Lair of Beasts)

   [ring of evasion]

   EV:        It affects your evasion (+4).
   rElec:     It insulates you from electricity.
Wands
 j - a wand of charming (7)
 q - a wand of mindburst (7)
 C - a wand of iceblast (9)
 N - a wand of flame (8)
 T - a wand of polymorph (2)
Scrolls
 h - a scroll of blinking
 n - a scroll of fog
 z - 4 scrolls of teleportation
 B - 2 scrolls of magic mapping
 M - a scroll of immolation {unknown}
Potions
 c - a potion of lignification
 e - 3 potions of might
 i - 4 potions of brilliance {unknown}
 m - 3 potions of haste {unknown}
 p - 2 potions of invisibility
 r - 8 potions of curing
 t - a potion of resistance {unknown}
 v - a potion of flight {unknown}
 A - a potion of ambrosia {unknown}
 E - a potion of cancellation {unknown}
 H - 3 potions of heal wounds {unknown}
 L - 2 potions of mutation {unknown}
 P - a potion of berserk rage
 Q - 2 potions of attraction {unknown}


   Skills:
 * Level 10.3 Fighting
 + Level 2.4(8.2) Axes
 + Level 13.2(13.4) Maces & Flails
 + Level 7.0 Armour
 + Level 11.9 Dodging
 + Level 5.5 Stealth


You had 11 spell levels left.
You didn't know any spells.
Your spell library was empty.

Dungeon Overview and Level Annotations

Branches:
Dungeon (12/15)            Temple (1/1) D:6            Lair (2/6) D:10
  IceCv (1/1)
  Swamp: Lair:2-4    Shoals: Lair:2-4     Snake: Lair:2-4    Spider: Lair:2-4
    Orc: D:9-12

Altars:
Ashenzari
Cheibriados
Dithmenos
Elyvilon
Fedhas
Gozag
Hepliaklqana
Kikubaaqudgha
Makhleb
Nemelex Xobeh
Okawaru
Qazlal
Ru
Sif Muna
Trog
Uskayaw
Vehumet
Wu Jian
Xom
Yredelemnul
Zin
The Shining One


Innate Abilities, Weirdness & Mutations

You are immune to sickness and miasma.
Your stone body is resilient. (AC +8)
You are immune to poison.
You resist negative energy. (rN+)
You are resistant to electric shocks. (rElec)
You are resistant to unholy torment.
You are immune to petrification.


Message History

The polar bear growls angrily.
A wolf comes into view.
You hit the death yak but do no damage. The death yak closely misses you.
The death yak's vision is obscured by starry radiance!
You thump the death yak!
The death yak is lightly wounded.
The death yak gores you!
You catch the helpless death yak completely off-guard!
You sock the death yak!
The death yak is moderately wounded.
The death yak gores you!!
You hit the death yak but do no damage.
The death yak is moderately wounded.
The death yak closely misses you.
You barely miss the death yak.
The death yak is moderately wounded.
The death yak is no longer blind.
The death yak gores you but does no damage.
You feel very mighty all of a sudden. The death yak gores you!
You fade into invisibility!
The death yak barely misses you.
You catch the helpless death yak completely off-guard!
You sock the death yak!
The death yak is heavily wounded.
The death yak gores you!!
* * * LOW HITPOINT WARNING * * *
You bludgeon the death yak!!
The death yak is almost dead.
The death yak closely misses you.
You barely miss the death yak.
The death yak is severely wounded.
The death yak closely misses you.
You bludgeon the death yak!!
You kill the death yak!
Trog accepts your kill.
You flatten the frost giant like a pancake!!!
The frost giant is moderately wounded.
The frost giant hits you with a +0 battleaxe of freezing!!
You die... ##.# .$ #..##### .### ###....### ...## ###....#...## hhY.#

##.....####÷.###C.h#
###.....#####..##..h#
##....######...##..###
#....## #..⌠..###..#
...### ##[..#@#.##.##
.######### ######C##
.≈# .†.##....###
######≈ #
###....#...### ≈≈#≈≈
#######....### ≈≈≈##
####...###≈≈≈# ##
##...##.# .###
##.....## #..#
##.....#.##


You could see a frost giant.

Vanquished Creatures
  A boulder beetle (D:12)
  A hydra (Lair:1)
  Erica (D:9)
  A two-headed ogre (D:10)
  2 death yaks (IceCv)
  Sonja (D:10)
  An ugly thing (IceCv)
  An ice statue (IceCv)
  A black mamba (Lair:1)
  3 cane toads (Lair:1)
  A rime drake (Lair:2)
  4 komodo dragons
  2 hornets
  6 polar bears (IceCv)
  A shadow (D:10)
  3 wyverns
  24 yaks
  A basilisk (Lair:1)
  3 wraiths
  Grum (Lair:1)
  The ghost of jlumianski the Firebug, an amateur HOFE (D:3)
  A steam dragon (D:10)
  2 vampire mosquitoes (D:12)
  An acid dragon (D:8)
  3 water moccasins
  A sky beast (D:6)
  2 orc warriors
  3 necrophages (D:9)
  21 wolves
  7 centaurs
  A kobold brigand (D:9)
  4 bullfrogs
  A scorpion (D:6)
  A water moccasin skeleton (D:7)
  6 killer bees (D:9)
  4 wights (D:7)
  An electric eel (Lair:1)
  2 howler monkeys (D:8)
  4 hounds
  3 centaur zombies
  A centaur skeleton (D:5)
  2 gnoll shamans
  5 jellies
  4 orc priests
  3 iguanas
  4 orc wizards
  A killer bee zombie (D:4)
  The ghost of drugrobin the Poker, a weakling DgWr (D:3)
  3 howler monkey zombies
  7 gnolls
  A howler monkey skeleton (D:7)
  11 adders
  14 white imps
  An ufetubus (D:6)
  5 worms
  5 dart slugs
  The ghost of HallandMoats the Skirmisher, a weakling VSFi (D:3)
  15 orcs
  6 endoplasms
  2 giant cockroaches (D:1)
  6 goblins
  8 hobgoblins
  7 jackals
  2 quokkas
  5 ball pythons
  4 bats
  6 frilled lizards
  10 kobolds
  6 rats
274 creatures vanquished.

Vanquished Creatures (collateral kills)
  3 komodo dragons (D:10)
  A polar bear (IceCv)
  A jumping spider (shapeshifter) (D:10)
  A gnoll (D:2)
  A goblin (D:2)
  A ball python (D:2)
  A frilled lizard (D:2)
9 creatures vanquished.

Vanquished Creatures (others)
  A gnoll (D:2)
  23 fungi
  61 plants
  2 withered plants (D:9)
87 creatures vanquished.

Grand Total: 370 creatures vanquished

Notes
Turn   | Place    | Note
-------+----------+-------------------------------------------
     0 | D:1      | dracfodder the Gargoyle Berserker began the quest for the
                  | Orb.
     0 | D:1      | Reached XP level 1. HP: 14/14 MP: 1/1
   436 | D:1      | Reached XP level 2. HP: 12/19 MP: 2/2
   788 | D:1      | Found a faded altar of an unknown god.
  1097 | D:1      | Reached XP level 3. HP: 21/24 MP: 3/3
  1652 | D:2      | Reached ** piety under Trog
  1852 | D:2      | Reached XP level 4. HP: 14/29 MP: 4/4
  2396 | D:2      | Reached skill level 4 in Maces & Flails
  2592 | D:3      | Reached XP level 5. HP: 34/34 MP: 5/5
  3030 | D:3      | Found a runed translucent gate.
  3030 | D:3      | Found a runed translucent gate.
  3030 | D:3      | Found a runed translucent gate.
  3037 | D:3      | Noticed drugrobin's ghost (weakling DgWr)
  3037 | D:3      | Noticed jlumianski's ghost (amateur HOFE)
  3037 | D:3      | Noticed HallandMoats's ghost (weakling VSFi)
  3233 | D:3      | Found the +1 cloak of Starlight {*Dazzle EV+4 Stlth--}
  3376 | D:3      | Reached XP level 6. HP: 39/39 MP: 6/6
  3683 | D:3      | Killed jlumianski's ghost
  3684 | D:3      | Reached skill level 5 in Maces & Flails
  3684 | D:3      | Killed HallandMoats's ghost
  3690 | D:3      | Killed drugrobin's ghost
  3691 | D:3      | Reached skill level 5 in Fighting
  3726 | D:3      | Identified a scroll of acquirement
  3726 | D:3      | Acquired a manual of Dodging
  3804 | D:5      | Entered Level 5 of the Dungeon
  4009 | D:4      | Reached *** piety under Trog
  4058 | D:4      | Reached XP level 7. HP: 38/44 MP: 7/7
  4178 | D:4      | Found a basalt altar of Yredelemnul.
  4731 | D:5      | Reached skill level 6 in Maces & Flails
  4815 | D:5      | Reached skill level 1 in Stealth
  5120 | D:5      | Noticed a hornet
  5124 | D:5      | Killed a hornet
  5125 | D:5      | Reached XP level 8. HP: 50/50 MP: 8/8
  5214 | D:5      | Found a sparkling altar of Nemelex Xobeh.
  5561 | D:6      | Reached skill level 5 in Armour
  5561 | D:6      | Reached skill level 5 in Dodging
  5608 | D:6      | Found a staircase to the Ecumenical Temple.
  5648 | D:6      | Reached skill level 7 in Maces & Flails
  5862 | D:6      | Reached XP level 9. HP: 30/55 MP: 9/9
  6132 | Temple   | Entered the Ecumenical Temple
  6351 | D:6      | Found a sacrificial altar of Ru.
  6351 | D:6      | Found a bloodstained altar of Trog.
  6359 | D:6      | Found a faded altar of an unknown god.
  6361 | D:6      | Found a broken altar of Ashenzari.
  6363 | D:6      | Found a faded altar of an unknown god.
  6621 | D:7      | Reached skill level 8 in Maces & Flails
  6810 | D:7      | Reached **** piety under Trog
  7995 | D:8      | Found a glowing silver altar of Zin.
  8312 | D:8      | Reached skill level 9 in Maces & Flails
  8601 | D:10     | Entered Level 10 of the Dungeon
  8601 | D:10     | Noticed Sonja
  8918 | D:9      | Noticed Erica
  8932 | D:9      | Killed Erica
  8933 | D:9      | Reached XP level 10. HP: 61/61 MP: 10/10
  9383 | D:10     | Reached skill level 10 in Maces & Flails
  9498 | D:10     | Noticed a two-headed ogre
  9507 | D:10     | Killed a two-headed ogre
  9796 | D:10     | Found a snail-covered altar of Cheibriados.
  9944 | D:10     | Killed Sonja
  9945 | D:10     | Reached skill level 10 in Dodging
 10291 | D:10     | Reached XP level 11. HP: 56/68 MP: 11/11
 10296 | D:10     | Reached skill level 11 in Maces & Flails
 10505 | D:10     | Found a staircase to the Lair.
 10683 | D:12     | Noticed a boulder beetle
 10709 | D:12     | Killed a boulder beetle
 10863 | Lair:1   | Entered Level 1 of the Lair of Beasts
 11103 | Lair:1   | Identified the ring of the Kangaroo {rElec EV+4}
 11297 | Lair:1   | Noticed an eight-headed hydra
 11308 | Lair:1   | Killed an eight-headed hydra
 11379 | Lair:1   | Reached skill level 12 in Maces & Flails
 11863 | Lair:1   | Reached skill level 5 in Stealth
 11863 | Lair:1   | Reached XP level 12. HP: 67/75 MP: 12/12
 11944 | Lair:1   | Noticed Grum
 11948 | Lair:1   | Killed Grum
 12261 | Lair:2   | Found a frozen archway.
 12351 | Lair:2   | Reached skill level 1 in Axes
 12512 | IceCv    | Entered an ice cave
 12622 | IceCv    | Reached ***** piety under Trog
 12884 | IceCv    | Identified the +6 great mace "Mutiys" {vorpal, rF- rC+
                  | Will+} (Trog gifted it to you in an ice cave)
 12884 | IceCv    | Received a gift from Trog
 13107 | IceCv    | Noticed a death yak
 13124 | IceCv    | Killed a death yak
 13125 | IceCv    | Reached skill level 10 in Fighting
 13125 | IceCv    | Reached skill level 13 in Maces & Flails
 13435 | IceCv    | Noticed a death yak
 13435 | IceCv    | Noticed a frost giant
 13435 | IceCv    | Noticed a death yak
 13450 | IceCv    | Killed a death yak
 13451 | IceCv    | Mangled by a frost giant

Illustrated notes

Levels and vault maps discovered:
D:1:      dpeg_arrival_tiny_b, layout_rooms, ebering_ecumenical_altar_abandoned,
          serial_forest, infiniplex_forest_lined_room_2,
          infiniplex_forest_straight_2, infiniplex_forest_clump_C,
          infiniplex_forest_end_1, infiniplex_forest_clump_tiny,
          infiniplex_forest_clump_small, infiniplex_forest_straight_4,
          infiniplex_forest_clump_small, infiniplex_forest_straight_2
D:2:      layout_loops_ring, minmay_pentomino_pile
D:3:      layout_basic, gammafunk_ghost_cemetery
D:4:      wander_river, layout_rooms, mainiacjoe_overflow_24_doors,
          nicolae_elevator_lobby_asterisk
D:5:      layout_basic, overflow_temple_1_default, serial_bayou_lagoon_b
D:6:      layout_cave_pools, chequers_temple_overflow_minitemple,
          minmay_temple_entry_water_ring
D:7:      nicolae_BIG_FREAKIN_CUBE, layout_basic
D:8:      layout_loops_cross, mainiacjoe_overflow_paths, serial_rivers,
          chequers_serial_rivers_small_3, chequers_serial_rivers_micro_c,
          chequers_serial_rivers_micro_a, chequers_serial_rivers_marsh,
          chequers_serial_rivers_room_b
D:9:      layout_irregular_city, serial_undead, serial_undead_f,
          serial_undead_e, serial_undead_c, serial_undead_d, serial_undead_c,
          serial_undead_f, serial_undead_d, corexii_checkpoint_a, uniq_erica
D:10:     layout_cave_pools, lemuel_doored_altar, erik_lair_dragon, uniq_sonja
D:11:     layout_roguey, special_room [special_room_bee], uniq_maurice,
          uniq_psyche
D:12:     layout_basic, zombieorc1_lemuel, enter_trove_5, drop_trap
Temple:   regret_index_temple_waves
Lair:1:   minmay_lair_venomous_thicket, layout_small_grid,
          infiniplex_staircase_pool, uniq_grum
Lair:2:   layout_cave_shapes, portal_ice_cave_entry_imps, grunt_megastairs_1,
          uniq_gastronok
IceCv:    ice_cave_caverns_01

Skill      XL: |  1  2  3  4  5  6  7  8  9 10 11 12 |
---------------+-------------------------------------+-----
Fighting       | 4 5 6 7 8 10 | 10.3
Maces & Flails | 4 5 6 7 9 10 12 13 | 13.2
Dodging        | 2 4 6 8 10 11 | 11.9
Armour         | 3 4 5 6 7 |  7.0
Stealth        | 1 2 3 5 |  5.5
Axes           | 2 |  2.4

Action                   |  1- 3 |  4- 6 |  7- 9 | 10-12 || total
-------------------------+-------+-------+-------+-------++-------
Melee: Mace              |   123 |    59 |       |       ||   182
       Flail             |       |    60 |   182 |       ||   242
       Punch             |       |     1 |     1 |       ||     2
       Dire flail        |       |       |    67 |   404 ||   471
       Great mace        |       |       |       |    65 ||    65
       War axe           |       |       |       |     8 ||     8
Throw: Stone             |     1 |     1 |       |       ||     2
Invok: Berserk           |     1 |     2 |     3 |     5 ||    11
       Trog's Hand       |       |       |     1 |     3 ||     4
       Brothers in Arms  |       |       |       |     1 ||     1
Evoke: Wand              |     1 |       |       |     2 ||     3
  Use: Scroll            |       |     8 |     8 |     1 ||    17
       Potion            |       |     2 |       |     2 ||     4
 Stab: Invisible         |       |     2 |     4 |    16 ||    22
Armor: Animal skin       |    21 |       |       |       ||    21
       Swamp dragon scal |    38 |    47 |   124 |    25 ||   234
       Steam dragon scal |       |       |       |   132 ||   132
Dodge: Dodged            |    90 |    78 |   242 |   432 ||   842

Table legend: (Time is in decaauts)
 A = Elapsed time spent in this place.
 B = Non-inter-level travel time spent in this place.
 C = Inter-level travel time spent in this place.
 D = Time resting spent in this place.
 E = Time spent auto-exploring this place.
 F = Levels seen in this place.
 G = Mean time per level.
                   A        B        C        D        E       F      G
               +--------+--------+--------+--------+--------+-----+--------+
         Total |  13539 |  13127 |    412 |   2516 |   8217 |  16 |  846.2 |
       Dungeon |  10901 |  10521 |    380 |   1752 |   7018 |  12 |  908.4 |
        Temple |    117 |    102 |     15 |      0 |     90 |   1 |  117.0 |
          Lair |   1618 |   1602 |     16 |    434 |    950 |   2 |  809.0 |
      Ice Cave |    901 |    901 |      0 |    329 |    158 |   1 |  901.0 |
               +--------+--------+--------+--------+--------+-----+--------+

Top non-repeatable levels by time:
     D:1: 1549 daAuts
  Lair:1: 1362 daAuts
    D:10: 1345 daAuts
     D:3: 1276 daAuts
     D:7: 1189 daAuts
     D:5: 1111 daAuts
     D:2: 1035 daAuts
     D:8: 953 daAuts
   IceCv: 901 daAuts
     D:6: 895 daAuts
     D:9: 802 daAuts
     D:4: 612 daAuts
  Lair:2: 256 daAuts
  Temple: 117 daAuts
    D:11: 86 daAuts
